 Dungeon Crawl Stone Soup version 0.32-a0-7-ge934b4519a (webtiles) character file.

Game seed: 9644752487630963142

10398 Fodor the Basher (level 11, -10/99 HPs)
             Began as a Minotaur Fighter on Jan 11, 2024.
             Was an Initiate of Gozag.
             Mangled by a wolf spider simulacrum (33 damage)
             ... in a Gauntlet on Jan 13, 2024.
             The game lasted 01:00:07 (10862 turns).

Fodor the Basher (Minotaur Fighter)                Turns: 10862, Time: 01:00:10

Health: -10/99     AC: 22    Str: 23    XL:     11   Next: 35%
Magic:  10/10      EV:  8    Int:  6    God:    Gozag
Gold:   904        SH:  0    Dex: 12    Spells: 10/10 levels left

rFire   + . .        L - +4 battleaxe
rCold   x . .        (shield currently unavailable)
rNeg    + + .        z - +3 plate armour {rN+}
rPois   +            (helmet restricted)
rElec   .            D - +2 ratskin cloak {*Rats rPois rN+ Str-1 Int-1 Dex+1}
rCorr   .            C - +0 pair of gloves
SInv    .            (no boots)
Will    .....        (no amulet)
Stlth   x              - ring "Zodaataq" {rPois Int+2}
HPRegen 0.36/turn    F - ring of fire
MPRegen 0.12/turn

%: no teleportation
@: no status effects
A: horns 2, retaliatory headbutt
a: Renounce Religion, Potion Petition, Call Merchant, Bribe Branch


You were in a Gauntlet.
You worshipped Gozag.
Gozag was pleased with you.
You visited 1 branch of the dungeon, and saw 11 of its levels.
You also visited: Sewer and Gauntlet.

You collected 2050 gold pieces.
You spent 1081 gold pieces at shops.
You paid 65 gold pieces to Gozag.

Inventory:

Hand Weapons
 L - a +4 battleaxe (weapon)
 M - a +2 shortbow of flaming
Missiles
 s - 19 boomerangs (quivered)
Armour
 h - a scarf of resistance
 z - a +3 plate armour of positive energy (worn)
 C - a +0 pair of gloves (worn)
 D - the +2 ratskin cloak (worn) {*Rats rPois rN+ Str-1 Int-1 Dex+1}
   (You found it on level 5 of the Dungeon)

   *Rats:     When the wearer is hurt, rats may emerge from it to assist them.
   Str-1:     It affects your strength (-1).
   Int-1:     It affects your intelligence (-1).
   Dex+1:     It affects your dexterity (+1).
   rPois:     It protects you from poison rN+: It protects you from negative
   energy.
Jewellery
 x - the ring "Zodaataq" (left hand) {rPois Int+2}
   (You found it on level 4 of the Dungeon)

   [ring of poison resistance]

   Int+2:     It affects your intelligence (+2).
   rPois:     It protects you from poison
 F - a ring of fire (right hand)
Talismans
 r - a serpent talisman
 w - a maw talisman
Wands
 a - a wand of paralysis (9)
 b - a wand of light (14)
 e - a wand of digging (5)
 k - a wand of flame (24)
 B - a wand of mindburst (18)
 H - a wand of roots (9)
Scrolls
 c - a scroll of identify
 g - a scroll of summoning
 i - 5 scrolls of revelation
 j - 2 scrolls of teleportation
 o - 2 scrolls of noise
 p - 2 scrolls of poison
 t - a scroll of fog
 y - 2 scrolls of vulnerability
 A - a scroll of silence
 G - 3 scrolls of fear
 O - a scroll of blinking {unknown}
Potions
 d - 5 potions of might
 f - 2 potions of resistance
 l - a potion of mutation
 m - a potion of ambrosia {unknown}
 n - 3 potions of magic
 q - 2 potions of heal wounds
 u - a potion of degeneration {unknown}
 v - 4 potions of curing
 E - 3 potions of brilliance {unknown}
 I - a potion of lignification
 J - a potion of attraction
 K - a potion of invisibility {unknown}
 N - 2 potions of haste
Miscellaneous
 P - a lightning rod (4/4)


   Skills:
 + Level 9.7 Fighting
 + Level 10.6(13.0) Axes
 + Level 12.1(13.7) Maces & Flails
 + Level 10.7 Armour
 + Level 2.3 Dodging
 + Level 2.0 Stealth
 + Level 4.8 Shields


You had 10 spell levels left.
You didn't know any spells.
Your spell library contained the following spells:

 Spells                   Type           Power      Damage    Failure   Level
 Apportation              Tloc           0%         N/A       99%         1
 Magic Dart               Conj           0%         1d3       99%         1
 Necrotise                Necr           0%         1d4       99%         1
 Sting                    Conj/Alch      0%         1d3       99%         1
 Summon Small Mammal      Summ           0%         N/A       99%         1
 Blink                    Tloc           0%         N/A       100%        2
 Call Imp                 Summ           0%         N/A       100%        2
 Lesser Beckoning         Tloc           0%         N/A       100%        2
 Call Canine Familiar     Summ           0%         N/A       100%        3
 Dazzling Flash           Conj/Hex       0%         N/A       100%        3
 Fugue of the Fallen      Necr           0%         N/A       100%        3
 Gell's Gravitas          Tloc           0%         N/A       100%        3
 Mephitic Cloud           Conj/Alch/Air  0%         N/A       100%        3
 Ozocubu's Armour         Ice            0%         N/A       100%        3
 Sigil of Binding         Hex            0%         N/A       100%        3
 Summon Ice Beast         Ice/Summ       0%         N/A       100%        3
 Teleport Other           Tloc           0%         N/A       100%        3
 Volatile Blastmotes      Fire/Tloc      0%         2d10      100%        3
 Dimensional Bullseye     Hex/Tloc       0%         N/A       100%        4
 Manifold Assault         Tloc           0%         N/A       100%        4
 Curse of Agony           Necr           0%         N/A       100%        5
 Silence                  Hex/Air        0%         N/A       100%        5
 Summon Mana Viper        Hex/Summ       0%         N/A       100%        5
 Dispersal                Tloc           0%         N/A       100%        6
 Starburst                Conj/Fire      0%         6d3       100%        6
 Monstrous Menagerie      Summ           0%         N/A       100%        7
 Maxwell's Capacitive Co  Air            0%         ∞         100%        8


Dungeon Overview and Level Annotations

Branches:
Dungeon (11/15)            Temple (0/1) D:6            Lair (0/5) D:8
    Orc (0/2) D:10          Sewer (visited)         Gauntlet (1/1)

Altars:
Cheibriados
Elyvilon
Gozag
Hepliaklqana
Makhleb
Vehumet
Wu Jian
Yredelemnul
The Shining One

Shops:
D:4 (*:(   D:8 !:*((

Portals:
Abyss: D:4

Annotations:
Gauntlet 11 transporters


Innate Abilities, Weirdness & Mutations

You have a pair of horns on your head.
You reflexively headbutt those who attack you in melee.


Message History

The harpoon shot hits the wolf spider simulacrum!
The wyvern simulacrum bites your wyvern simulacrum!
The wyvern simulacrum freezes your wyvern simulacrum.
Your wyvern simulacrum completely resists.
The wolf spider simulacrum is distracted by your dazzling golden aura.
Your swamp worm bites the wolf spider simulacrum.
The wolf spider simulacrum is no longer distracted by gold.
Your wyvern simulacrum bites the wyvern simulacrum!
Your wyvern simulacrum freezes the wyvern simulacrum.
The wyvern simulacrum completely resists.
The wyvern simulacrum barely misses your wyvern simulacrum.
The wolf spider simulacrum completely misses your swamp worm.
The wolf spider simulacrum bites your swamp worm!
The wolf spider simulacrum freezes your swamp worm!!
Your swamp worm dies!
Your swamp worm's corpse dissolves into shadows!
Your wyvern simulacrum bites the wyvern simulacrum!
The wyvern simulacrum vaporises!
Your wyvern simulacrum bites the wolf spider simulacrum.
Your wyvern simulacrum freezes the wolf spider simulacrum.
The wolf spider simulacrum completely resists.
You see here a purple potion.
The ufetubus shouts!
Something hits your wyvern simulacrum.
Something freezes your wyvern simulacrum.
Your wyvern simulacrum completely resists.
Something bites your wyvern simulacrum but does no damage.
There is a transporter here.
P - a lightning rod (4/4)
Your wyvern simulacrum bites the wolf spider simulacrum!
Your wyvern simulacrum freezes the wolf spider simulacrum.
The wolf spider simulacrum completely resists.
You swap places.
The wolf spider simulacrum closely misses you.
The wolf spider simulacrum bites you.
* * * LOW HITPOINT WARNING * * *
The wolf spider simulacrum freezes you!!
You feel a terrible chill!
You die...
Your body crumbles into a pile of gold.

P.#5#####.#. ..##.#.#.P
♣.#5..©...#.♣.#≈#≈#P♣.#..#y.#.#.♣
P.#5#####5#..P≈≈≈≈≈P..#.#yy##.#.P
♣.#......5#..P#≈#≈#P..#y####..#.♣
..#......5#...........#yy.....#..
..#############################..
≈....#©.........©.........©#....≈
##...#######################...##
#≈.........#..Z@!..#.........≈#
#≈≈..♣...♣.#.###Z..#.♣.P.♣..≈≈#
####..PPP..#.###...#.P.PP..####
#≈..♣.P.#.###...#...♣..≈#
#≈≈...P.#...©##.#.P...≈≈#
####..♣.#.#.$##.#.♣..####
#≈...#....Z..#...≈#
#≈≈..#########..≈≈#
####.....©.....####


You could see 2 killer bees, a wolf spider simulacrum (ally target), 3 ufetubi
and a friendly wyvern simulacrum (summoned).

Vanquished Creatures
  A boulder beetle (D:11)
  A two-headed ogre (D:9)
  Pikel (D:5)
  A gargoyle (D:11)
  2 trolls
  Grinder (D:6)
  A hornet (D:9)
  The ghost of Newt the Skirmisher, an amateur KoHu (D:4)
  A centaur simulacrum (Gauntlet)
  A small abomination (D:4)
  4 yaks
  A basilisk (D:8)
  A wraith (D:9)
  2 wyverns
  3 steam dragons
  Eustachio (D:6)
  Edmund (D:5)
  A water moccasin (D:7)
  Duvessa (D:7)
  2 black bears
  3 ice beasts
  4 orc warriors
  2 sky beasts (D:8)
  2 ogres
  2 lemures (D:5)
  A phantom (D:6)
  A centaur (D:9)
  4 kobold brigands
  4 bullfrogs
  2 gnoll sergeants
  4 scorpions
  10 wights
  13 killer bees (D:7)
  4 howler monkeys (D:7)
  2 lava snakes (D:7)
  2 jellies (D:6)
  2 bombardier beetles
  3 hounds
  Crazy Yiuf (D:5)
  4 orc priests
  6 iguanas
  3 sleepcaps
  Natasha (twice) (D:3)
  11 orc wizards
  12 gnolls
  5 adders
  A river rat (Sewer)
  5 shadow imps
  An ufetubus (D:4)
  7 ribbon worms
  2 dart slugs (D:2)
  24 orcs
  14 ball pythons
  14 endoplasms
  A giant cockroach (D:1)
  4 goblins
  6 hobgoblins
  4 jackals (D:4)
  18 kobolds
  2 quokkas
  7 bats
  3 frilled lizards
  9 rats
259 creatures vanquished.

Vanquished Creatures (collateral kills)
  2 centaur simulacra (Gauntlet)
  A wyvern simulacrum (Gauntlet)
  An orc wizard (D:8)
  2 orcs
6 creatures vanquished.

Vanquished Creatures (others)
  Dowan (D:7)
  A gnoll bouda (D:8)
2 creatures vanquished.

Grand Total: 267 creatures vanquished

Notes
Turn   | Place    | Note
-------+----------+-------------------------------------------
     0 | D:1      | Fodor the Minotaur Fighter began the quest for the Orb.
     0 | D:1      | Reached XP level 1. HP: 19/19 MP: 0/0
    84 | D:1      | Reached XP level 2. HP: 20/27 MP: 1/1
   691 | D:1      | Reached XP level 3. HP: 33/33 MP: 2/2
   695 | D:1      | Upgraded the game from 0.31-a0-1620-gcbf77bbcfc to
                  | 0.32-a0-7-ge934b4519a
  2195 | D:3      | Reached XP level 4. HP: 40/40 MP: 3/3
  2393 | D:3      | Found an opulent altar of Gozag.
  2418 | D:3      | Became a worshipper of Gozag Ym Sagoz the Greedy
  2427 | D:3      | Noticed Natasha
  2436 | D:3      | Killed Natasha
  2760 | D:3      | Noticed Natasha
  2765 | D:3      | Killed Natasha
  2888 | D:3      | Noticed a scorpion
  2898 | D:3      | Killed a scorpion
  2899 | D:3      | Reached skill level 1 in Dodging
  2899 | D:3      | Reached XP level 5. HP: 35/47 MP: 4/4
  3244 | D:3      | Found a faded altar of an unknown god.
  3249 | D:3      | Found a hazy altar of Hepliaklqana.
  3362 | D:4      | Reached skill level 5 in Axes
  3362 | D:4      | Reached skill level 5 in Armour
  3362 | D:4      | Reached XP level 6. HP: 17/53 MP: 5/5
  3504 | D:4      | You fall into a shaft and drop 1 floor!
  3504 | D:5      | Entered Level 5 of the Dungeon
  3648 | D:5      | Found a burning altar of Makhleb.
  3649 | D:5      | Noticed Edmund
  3679 | D:5      | Killed Edmund
  3852 | D:5      | Reached skill level 5 in Fighting
  3881 | D:5      | Noticed an ice beast
  3888 | D:5      | Killed an ice beast
  3889 | D:5      | Reached XP level 7. HP: 61/61 MP: 6/6
  3920 | D:5      | Found a glowing golden altar of the Shining One.
  3963 | D:5      | Found a runed translucent door.
  3964 | D:5      | Noticed Crazy Yiuf
  4248 | D:4      | Reached skill level 1 in Maces & Flails
  4248 | D:4      | Reached skill level 1 in Stealth
  4261 | D:4      | Found a transporter.
  4489 | D:4      | Found a transporter.
  4490 | D:4      | Found a one-way gate to the infinite horrors of the Abyss.
  4490 | D:4      | Noticed Newt's ghost (amateur KoHu)
  4514 | D:4      | Noticed a small abomination
  4611 | D:4      | Identified the ring "Zodaataq" {rPois Int+2}
  4619 | D:4      | Found Nited's General Store.
  4629 | D:4      | Found Jetaytoc's Weapon Shoppe.
  4630 | D:4      | Found Oliuwe's Book Shoppe.
  4631 | D:4      | Found Rum Keif's Antique Weapon Shoppe.
  4685 | D:4      | Bought a +1 plate armour of positive energy for 352 gold
                  | pieces
  4986 | D:4      | Killed a small abomination
  4987 | D:4      | Reached skill level 3 in Maces & Flails
  4987 | D:4      | Reached XP level 8. HP: 38/70 MP: 7/7
  5023 | D:4      | Killed Newt's ghost
  5024 | D:4      | Reached skill level 4 in Maces & Flails
  5112 | D:5      | Noticed Pikel
  5134 | D:5      | Killed Pikel
  5135 | D:5      | Reached skill level 6 in Maces & Flails
  5155 | D:5      | Found the +2 ratskin cloak {*Rats rPois rN+ Str-1 Int-1
                  | Dex+1}
  5188 | D:5      | Reached skill level 7 in Maces & Flails
  5811 | D:5      | Killed Crazy Yiuf
  5812 | D:5      | Reached XP level 9. HP: 48/78 MP: 8/8
  5979 | D:6      | Noticed Grinder
  5985 | D:6      | Paralysed by Grinder for 4 turns
  5995 | D:6      | Killed Grinder
  5996 | D:6      | Reached skill level 8 in Maces & Flails
  6080 | D:6      | Found a staircase to the Ecumenical Temple.
  6090 | D:6      | Noticed Eustachio
  6096 | D:6      | Killed Eustachio
  6140 | D:6      | Reached skill level 9 in Maces & Flails
  6556 | D:6      | Found a glowing drain.
  6578 | Sewer    | Entered a sewer
  6754 | Sewer    | Reached skill level 10 in Maces & Flails
  7609 | D:7      | Reached XP level 10. HP: 88/88 MP: 9/9
  7625 | D:7      | Reached skill level 11 in Maces & Flails
  7804 | D:7      | Noticed Duvessa
  7816 | D:7      | Killed Duvessa
  7826 | D:7      | Noticed Dowan
  7849 | D:7      | Killed Dowan
  8498 | D:8      | Found Etruong's Book Boutique.
  8585 | D:8      | Reached skill level 12 in Maces & Flails
  8638 | D:8      | Found Kebavea's General Store.
  8641 | D:8      | Bought a wand of paralysis (2) for 67 gold pieces
  8669 | D:8      | Found a staircase to the Lair.
  8817 | D:8      | Found Huonku's Antique Weapon Shoppe.
  8875 | D:8      | Found Jaerphub's Antique Weapon Shop.
  8878 | D:8      | Bought a runed shortbow for 192 gold pieces
  8940 | D:8      | Reached skill level 10 in Armour
  8986 | D:8      | Found Erua's Distillery.
  9056 | D:8      | Bought a potion of mutation for 80 gold pieces
  9056 | D:8      | Bought 2 potions of magic for 160 gold pieces
  9056 | D:8      | Bought a potion of resistance for 100 gold pieces
  9056 | D:8      | Bought a potion of curing for 30 gold pieces
  9056 | D:8      | Bought a potion of haste for 100 gold pieces
  9427 | D:9      | Found a snail-covered altar of Cheibriados.
  9717 | D:9      | Noticed a two-headed ogre
  9723 | D:9      | Killed a two-headed ogre
  9724 | D:9      | Reached XP level 11. HP: 87/97 MP: 10/10
 10017 | D:10     | Entered Level 10 of the Dungeon
 10122 | D:10     | Found a staircase to the Orcish Mines.
 10239 | D:10     | Found a white marble altar of Elyvilon.
 10239 | D:10     | Found a radiant altar of Vehumet.
 10240 | D:10     | Found a basalt altar of Yredelemnul.
 10456 | D:10     | Found an ornate altar of the Wu Jian Council.
 10621 | D:11     | Noticed a boulder beetle
 10644 | D:11     | Killed a boulder beetle
 10645 | D:11     | Reached skill level 10 in Axes
 10710 | D:11     | Found a gate leading to a gauntlet.
 10723 | Gauntlet | Entered a Gauntlet
 10723 | Gauntlet | Found a transporter.
 10730 | Gauntlet | Found a transporter.
 10736 | Gauntlet | Noticed a sixfirhy
 10743 | Gauntlet | Found a transporter.
 10744 | Gauntlet | Found a transporter.
 10748 | Gauntlet | Noticed a seven-headed hydra
 10759 | Gauntlet | Found a transporter.
 10773 | Gauntlet | Found a transporter.
 10783 | Gauntlet | Found a transporter.
 10783 | Gauntlet | Noticed a large abomination
 10787 | Gauntlet | Noticed a large abomination
 10792 | Gauntlet | Noticed a catoblepas
 10793 | Gauntlet | Found a transporter.
 10808 | Gauntlet | Found a transporter.
 10823 | Gauntlet | Found a transporter.
 10824 | Gauntlet | Found a transporter.
 10833 | Gauntlet | Found a transporter.
 10862 | Gauntlet | Mangled by a wolf spider simulacrum

Illustrated notes

Levels and vault maps discovered:
D:1:      lemuel_arrival_funnel, layout_loops_ring, minmay_pentomino_o4
D:2:      layout_basic
D:3:      layout_basic, nicolae_gozag_cash_rules_everything_around_me,
          nicolae_overflow_ecumenical_swirl, uniq_natasha
D:4:      layout_cave_pods, serial_column_ruins, column_ruins_hut,
          column_ruins_open_large, column_ruins_open_small, column_ruins_grid_3,
          column_ruins_corridor_T, column_ruins_open_medium,
          gammafunk_ghost_abyssal_escape, minmay_shop_grid_forest
D:5:      layout_loops_corners, makhleb_heckhound_becter,
          mainiacjoe_overflow_cross_hatched, uniq_crazy_yiuf_cottage,
          uniq_edmund, uniq_pikel
D:6:      layout_basic, temple_green, serial_glass, glass_columns_b,
          glass_columns_b, minmay_strange_pillars, minmay_strange_pillars,
          due_unseen_surprise, cheibrodos_sewer_entry_bend, uniq_eustachio,
          uniq_grinder
D:7:      layout_loops_ring, kennysheep_generic_room_16, uniq_duvessa
D:8:      layout_basic, david_lair_generic, serial_shops, nicolae_stop_n_shop_2,
          kennysheep_mini, kennysheep_mini_moat, shop, nicolae_diamond_shop
D:9:      layout_loops_ring, slow_altar_1, minmay_misc_feat_rows,
          nicolae_underground_beach
D:10:     layout_rooms, chequers_temple_overflow_statue_of_worship,
          nzn_wu_jian_council_hall
D:11:     layout_gridville, ebering_ghost_rock_garden, gauntlet_entry_generic
Gauntlet: minmay_gauntlet_77_tree [minmay_gauntlet_arena_77_block_sizes,
          minmay_gauntlet_arena_77_chump_sandwich,
          minmay_gauntlet_arena_77_hold_the_fort, minmay_gauntlet_arena_77_box,
          minmay_gauntlet_arena_77_double_cross,
          minmay_gauntlet_arena_77_mirror,
          minmay_gauntlet_arena_77_broken_ladder,
          nicolae_gauntlet_exit_dead_adventurers]

Skill      XL: |  1  2  3  4  5  6  7  8  9 10 11 |
---------------+----------------------------------+-----
Fighting       | 4 5 6 7 9 |  9.7
Armour         | 4 5 6 7 8 10 | 10.7
Shields        | 4 |  4.8
Axes           | 3 4 5 6 9 10 | 10.6
Dodging        | 1 2 |  2.3
Maces & Flails | 3 7 10 12 | 12.1
Stealth        | 1 2 |  2.0

Action                     |  1- 3 |  4- 6 |  7- 9 | 10-12 || total
---------------------------+-------+-------+-------+-------++-------
  Melee: War axe           |    70 |    83 |       |       ||   153
         Headbutt          |     8 |    13 |    52 |    46 ||   119
         Dire flail        |       |     4 |   274 |   113 ||   391
         Battleaxe         |       |       |       |   158 ||   158
         Unarmed           |       |       |       |     8 ||     8
  Evoke: Wand              |       |       |       |     1 ||     1
    Use: Potion            |       |     5 |       |     4 ||     9
         Scroll            |       |       |     1 |    16 ||    17
   Stab: Distracted        |       |       |     1 |     3 ||     4
 Armour: Scale mail        |    37 |    68 |     2 |       ||   107
         Skin              |       |     2 |       |     9 ||    11
         Plate armour      |       |       |   239 |   292 ||   531
         Chain mail        |       |       |    12 |       ||    12
  Dodge: Dodged            |    55 |    46 |    98 |   124 ||   323
  Block: Buckler           |    11 |    29 |       |       ||    40

Table legend: (Time is in decaauts)
 A = Elapsed time spent in this place.
 B = Non-inter-level travel time spent in this place.
 C = Inter-level travel time spent in this place.
 D = Time resting spent in this place.
 E = Time spent auto-exploring this place.
 F = Levels seen in this place.
 G = Mean time per level.
                   A        B        C        D        E       F      G
               +--------+--------+--------+--------+--------+-----+--------+
         Total |  11057 |  10479 |    578 |    569 |      0 |  13 |  850.5 |
       Dungeon |  10183 |   9605 |    578 |    569 |      0 |  11 |  925.7 |
         Sewer |    735 |    735 |      0 |      0 |      0 |   1 |  735.0 |
      Gauntlet |    138 |    138 |      0 |      0 |      0 |   1 |  138.0 |
               +--------+--------+--------+--------+--------+-----+--------+

Top non-repeatable levels by time:
     D:5: 1549 daAuts
     D:2: 1327 daAuts
     D:3: 1188 daAuts
     D:4: 1042 daAuts
     D:6: 1022 daAuts
     D:7: 944 daAuts
     D:1: 870 daAuts
     D:9: 788 daAuts
     D:8: 738 daAuts
   Sewer: 735 daAuts
    D:10: 512 daAuts
    D:11: 198 daAuts
Gauntlet: 138 daAuts
